 Dungeon Crawl Stone Soup version 0.21-a0-184-g9126a74 (webtiles) character file.

79 seren the Poker (level 4, 0/33 HPs)
             Began as a Merfolk Skald on Aug 11, 2017.
             Succumbed to an adder's poison
             ... on level 2 of the Dungeon.
             The game lasted 00:06:40 (1929 turns).

seren the Poker (Merfolk Skald)                     Turns: 1929, Time: 00:06:41

Health: 0/33       AC:  3    Str: 12    XL:     4   Next: 37%
Magic:  6/7        EV: 12    Int: 12    God:
Gold:   138        SH:  0    Dex: 13    Spells: 4/7 levels left

rFire    . . .     SeeInvis .   a - +0 spear
rCold    . . .     Gourm    .   (no shield)
rNeg     . . .     Faith    .   b - +0 leather armour
rPois    .         Spirit   .   (no helmet)
rElec    .         Reflect  .   (no cloak)
rCorr    .         Harm     .   (no gloves)
MR       .....                  (no boots)
Stlth    +.........             (no amulet)
HPRegen  0.11/turn              (no ring)
MPRegen  0.10/turn              (no ring)

@: lethally poisoned (0 -> -10)
A: change form in water, swift swim, stealthy swim
a: no special abilities


You were on level 2 of the Dungeon.
You were not hungry.

You visited 1 branch of the dungeon, and saw 2 of its levels.

You collected 138 gold pieces.

Inventory:

Hand Weapons
 a - a +0 spear (weapon)
Missiles
 n - 8 tomahawks of returning (quivered)
Armour
 b - a +0 leather armour (worn)
Scrolls
 e - 2 scrolls of remove curse
 i - a scroll of immolation {unknown}
 j - 2 scrolls of identify {unknown}
 k - a scroll of enchant weapon {unknown}
 m - a scroll of enchant armour {unknown}
 q - a scroll of magic mapping {unknown}
Potions
 l - a potion of magic
Books
 c - a book of Battle

   Spells                             Type                      Level
   a - Infusion                       Charms                       1
   b - Shroud of Golubria             Charms/Translocation         2
   c - Song of Slaying                Charms                       2
   d - Spectral Weapon                Hexes/Charms                 3
   e - Regeneration                   Charms/Necromancy            3
Comestibles
 d - a bread ration
 h - 2 meat rations
 r - 4 fruits


   Skills:
 - Level 2.1 Fighting
 + Level 6.5 Polearms
 - Level 0.6 Armour
 - Level 2.6 Dodging
 - Level 2.0 Spellcasting
 - Level 3.2 Charms


You had 4 spell levels left.
You knew the following spells:

 Your Spells              Type           Power        Failure   Level  Hunger
a - Infusion              Chrm           #...         9%          1    ##.....
b - Shroud of Golubria    Chrm/Tloc      #.........   26%         2    ###....


Dungeon Overview and Level Annotations

Branches:
Dungeon (2/15)

Altars:


Message History

You eat the chunk of flesh.
This raw flesh tastes terrible.
* * * LOW HITPOINT WARNING * * *
You feel sick.
It was a potion of cancellation.
Your magical effects are unravelling.
You feel magically purged.
You feel less wooden.
Your +0 leather armour unmelds from your body.
* * * LOW HITPOINT WARNING * * *
You feel sick.
* * * LOW HITPOINT WARNING * * *
You feel sick.
Okay, then.
As you read the scroll labeled YVYFIAWAUT, it crumbles to dust.
You feel blessed for a moment.
It was a scroll of remove curse.
* * * LOW HITPOINT WARNING * * *
You feel sick.
Unknown command.
Unknown command.
You die...

#...### #...###...##.#.#### #...#
#.#..........#....# #...#
#.#..##.####.#....# #...#
#.#.###.####.##...# #...#
#............###.## #...####.
#..###.....### #.#
..........#####..###.....# #.##
.........................# #..#
......... #####.@###.....# ##.#
......##. #...†..#.....# #.#
#...#.# #.#.......#### #.#
#...#.# #.##.#.#### #.# #...# #
##.#..#.# #.# #...#.# #.......#
#######.#
......######..#.##.######.......#
##.#####....................#####
##.#####.###.#....÷##..##.#.#


There were no monsters in sight!

Vanquished Creatures
  3 adders (D:2)
  4 worms
  2 leopard geckos
  3 bats
  8 goblins
  6 hobgoblins
  7 frilled lizards (D:2)
  2 kobolds
  6 rats
41 creatures vanquished.

Notes
Turn   | Place    | Note
-------+----------+-------------------------------------------
     0 | D:1      | seren the Merfolk Skald began the quest for the Orb.
     0 | D:1      | Reached XP level 1. HP: 16/16 MP: 3/3
   227 | D:1      | Reached skill level 4 in Polearms
   227 | D:1      | Reached XP level 2. HP: 22/22 MP: 5/5
   790 | D:2      | Reached skill level 5 in Polearms
   790 | D:2      | Reached XP level 3. HP: 10/27 MP: 3/6
  1027 | D:2      | Learned a level 2 spell: Shroud of Golubria
  1095 | D:2      | Found a faded altar of an unknown god.
  1455 | D:2      | Reached skill level 6 in Polearms
  1655 | D:2      | Reached XP level 4. HP: 33/33 MP: 7/7
  1928 | D:2      | HP: 1/33 [poisoned by an adder]
  1929 | D:2      | Succumbed to an adder's poison

Vault maps used:
D:1:      sevenhm_arrival_forest_fort_small_3, minivault_26, minivault_19
D:2:      chequers_ecumenical_altar_simple_redux, minmay_cupped

Skill      XL: |  1  2  3 |
---------------+----------+-----
Polearms       | 4 5 6 |  6.5
Fighting       | |  2.1
Armour         | |  0.6
Dodging        | |  2.6
Spellcasting   | |  2.0
Charms         | |  3.2

Action                   |  1- 3 |  4- 6 || total
-------------------------+-------+-------++-------
Melee: Spear             |   137 |    39 ||   176
 Cast: Infusion          |     4 |     1 ||     5
  Use: Potion            |       |     4 ||     4
       Scroll            |       |     1 ||     1
  Eat: Chunk             |     3 |     1 ||     4
Armor: Leather armour    |    13 |    14 ||    27
       Skin              |       |     1 ||     1
Dodge: Dodged            |    54 |    23 ||    77
